 Dungeon Sprint DCSS version 0.17-a0-1674-g2b13139 (webtiles) character file.

11578 Kidiri the Unseen (level 11, -4/47 HPs)
             Began as a Spriggan Enchanter on Aug 18, 2015.
             Was the Champion of Dithmenos.
             Killed from afar by a fire dragon (51 damage)
             ... with a blast of flame
             ... in the Dungeon (Sprint III: "The Ten Rune Challenge").
             The game lasted 00:14:47 (3578 turns).

Kidiri the Unseen (Spriggan Enchanter)              Turns: 3578, Time: 00:14:47

Health: -4/47      AC:  3    Str:  4    XL:     11   Next: 51%
Magic:  30/30      EV: 33    Int: 19    God:    Dithmenos [******]
Gold:   23         SH:  0    Dex: 18    Spells: 12 memorised, 0 levels left

rFire  . . .     SeeInvis +     a - +1 dagger
rCold  . . .     Clarity  .     b - +1 robe
rNeg   . . .     SustAt   .     (shield restricted)
rPois  .         Gourm    .     (helmet restricted)
rElec  .         Spirit   .     (no cloak)
rCorr  .         Warding  .     (gloves unavailable)
rMut   .         NoTele   +     (boots unavailable)
MR     +....                    (no amulet)
Stlth  ++++++++++               (no ring)
                                (no ring)

@: wreathed by umbra, very quick, somewhat resistant to hostile enchantments,
uncannily stealthy
A: unfitting armour, see invisible, herbivore 3, speed 3, slow metabolism 2
a: Shadow Step, Shadow Form, Renounce Religion


You were in the Dungeon.
You worshipped Dithmenos.
Dithmenos was exalted by your worship.
You were full.

You visited 1 branch You collected 23 gold pieces.

Inventory:

Hand weapons
 a - a +1 dagger (weapon)
Missiles
 t - 11 throwing nets (quivered)
Armour
 b - a +1 robe (worn)
Magical devices
 n - a wand of frost (24)
Scrolls
 j - a scroll of blinking
 k - a scroll of remove curse {unknown}
 m - a scroll of immolation {unknown}
 q - a scroll of torment {unknown}
 r - a scroll of enchant weapon {unknown}
Potions
 c - a potion of might
 f - a potion of heal wounds
 g - a potion of haste
 h - a potion of magic
 i - 2 potions of berserk rage
 o - a potion of brilliance
 p - a potion of flight
Books
 l - a book of Ice

   Spells                             Type                      Level
   a - Ice Form                       Ice/Transmutation            4
   b - Metabolic Englaciation         Hexes/Ice                    5
   c - Ozocubu's Refrigeration        Ice                          6
   d - Bolt of Cold                   Conjuration/Ice              6
   e - Freezing Cloud                 Conjuration/Ice/Air          6
   f - Simulacrum                     Ice/Necromancy               6
Comestibles
 d - 6 fruits
 s - 28 royal jellies


   Skills:
 + Level 9.6 Short Blades
 * Level 16.5 Dodging
 * Level 17.8 Stealth
 * Level 14.4 Spellcasting
 + Level 6.2 Conjurations
 + Level 10.9 Hexes
 + Level 9.5 Transmutations
 + Level 7.1 Ice Magic
 + Level 6.6 Earth Magic
 - Level 4.4 Invocations


You couldn't memorise any spells.
You knew the following spells:

 Your Spells              Type           Power        Failure   Level  Hunger
a - Corona                Hex            ######.      1%          1    None
b - Ensorcelled Hibernat  Hex/Ice        #####.       1%          2    None
c - Confuse               Hex            ######..     1%          3    None
d - Tukima's Dance        Hex            ######..     1%          3    None
e - Dazzling Spray        Conj/Hex       #####...     1%          3    None
f - Stoneskin             Trmt/Erth      #####...     1%          2    None
g - Stone Arrow           Conj/Erth      #####.       1%          3    None
h - Passwall              Trmt/Erth      #####.....   1%          3    None
i - Petrify               Trmt/Erth      #####...     1%          4    None
j - Lee's Rapid Deconstr  Erth           #####.....   12%         5    ####...
k - Ice Form              Ice/Trmt       #####...     1%          4    None
l - Metabolic Englaciati  Hex/Ice        #####.....   3%          5    ####...


Dungeon Overview and Level Annotations

Branches:
Dungeon (1/1)

Altars:
Cheibriados
Dithmenos
Elyvilon
Fedhas
Gozag
Kikubaaqudgha
Makhleb
Nemelex Xobeh
Okawaru
Qazlal
Ru
Sif Muna
Trog
Vehumet
Xom
Yredelemnul
Zin
The Shining One
Jiyva
Lugonu

Shops:
D (?=


Innate Abilities, Weirdness & Mutations

You are tiny and cannot use many weapons and most armour.
You have supernaturally acute eyesight.
You are a herbivore.
You cover ground extremely quickly.
You need consume almost no food.


Message History

You kill the swamp drake!
Dithmenos accepts your kill.
No target in view!
There is an open door here.
You close the door.
There is an open door here.
Press: ? - help, . - travel You can't see that place. [an open door.]
There is an open door here.
You enter the shallow water.
Moving in this stuff is going to be slow.
Why would you want to do that?
There is an open door to the Swamp, spattered with blood here.
You hit the fire dragon but do no damage.
The fire dragon is lightly wounded.
The fire dragon breathes flames at you. The blast of flame hits you!
Ouch! That really hurt!
You die...

###'♣♣♣♣♣♣♣♣♣♣♣♣♣♣♣
♣♣♣♣.##..##≈≈≈≈≈≈..#
♣...##.##.#≈≈≈≈≈...#
♣♣.##.##.##'≈≈≈≈≈####+#
♣..#.##...#≈≈..§§§§§§#
♣♣.##.##.)#≈..+#######
♣♣.##.#####...#....))#
♣.....##......#♣♣♣._)#
########@###### #####
#D♣♣ #♣.♣ ♣.♣♣ ♣♣.♣
♣.♣♣ ♣§♣♣ ♣§§♣ ♣♣§♣♣


You could see a fire dragon.

Vanquished Creatures
  Maud (D)
  Erolcha (D)
  A fire dragon (D)
  2 hydras (D)
  A spriggan druid (D)
  A death drake (D)
  A lindwurm (D)
  2 spiny frogs (D)
  A fire drake (D)
  A deep elf priest (D)
  A komodo dragon (D)
  3 wandering mushrooms (D)
  A queen bee (D)
  A shadow (D)
  2 trapdoor spiders (D)
  2 spriggans (D)
  4 redbacks (D)
  A spatial vortex (D)
  2 hill giants (D)
  A swamp drake (D)
  A necrophage (D)
  2 brain worms (D)
  3 two-headed ogres (D)
  A water elemental (D)
  32 killer bees (D)
  A jelly (D)
  A wizard (D)
  Jessica (D)
  A necromancer (D)
  A wolf (D)
  3 humans (D)
  A kobold demonologist (D)
  2 oozes (D)
  A rat (D)
81 creatures vanquished.

Vanquished Creatures (others)
  2 draconian scorchers (D)
  2 yaktaurs (D)
  2 fire drakes (D)
  An electric eel (D)
  3 plants (D)
10 creatures vanquished.

Grand Total: 91 creatures vanquished

Notes
Turn   | Place    | Note
--------------------------------------------------------------
     0 | D        | Kidiri the Spriggan Enchanter began the quest for the Orb.
     0 | D        | Reached XP level 1. HP: 9/9 MP: 5/5
    10 | D        | Reached skill level 5 in Stealth
    13 | D        | Reached XP level 2. HP: 10/13 MP: 7/7
    17 | D        | Learned a level 2 spell: Ensorcelled Hibernation
    55 | D        | Killed a yaktaur
    93 | D        | Noticed Jessica
   102 | D        | Killed Jessica
   102 | D        | Reached skill level 5 in Dodging
   102 | D        | Reached skill level 6 in Stealth
   102 | D        | Reached skill level 1 in Ice Magic
   102 | D        | Reached XP level 3. HP: 11/16 MP: 3/9
   157 | D        | Learned a level 3 spell: Confuse
   161 | D        | Learned a level 3 spell: Tukima's Dance
   209 | D        | Killed a white draconian scorcher
   219 | D        | Killed a white draconian scorcher
   287 | D        | Noticed a wolf
   315 | D        | Killed a wolf
   315 | D        | Reached skill level 7 in Stealth
   328 | D        | Killed a fire drake
   581 | D        | Reached skill level 5 in Spellcasting
   581 | D        | Reached XP level 4. HP: 21/21 MP: 9/12
   605 | D        | Gained mutation: You are covered in fur (AC +1). [potion of mutation]
   605 | D        | Gained mutation: You are partially covered in icy blue scales (AC +1). [potion of mutation]
   606 | D        | Gained mutation: You are weak. (Str -2) [potion of mutation]
   606 | D        | Gained mutation: Your body sometimes deteriorates upon taking damage. [potion of mutation]
   608 | D        | Lost mutation: You are weak. (Str -2) [potion of cure mutation]
   608 | D        | Lost mutation: You are covered in fur (AC +1). [potion of cure mutation]
   608 | D        | Lost mutation: Your body sometimes deteriorates upon taking damage. [potion of cure mutation]
   608 | D        | Lost mutation: You are partially covered in icy blue scales (AC +1). [potion of cure mutation]
   613 | D        | Learned a level 3 spell: Dazzling Spray
   666 | D        | Killed a fire drake
   687 | D        | Noticed a water elemental
   690 | D        | Killed a water elemental
   690 | D        | Reached skill level 8 in Stealth
   690 | D        | Reached skill level 1 in Conjurations
   690 | D        | Reached skill level 5 in Hexes
   699 | D        | Noticed a jelly
   700 | D        | Noticed a shadow
   702 | D        | Killed a shadow
   702 | D        | Reached skill level 10 in Stealth
   702 | D        | Reached XP level 5. HP: 24/24 MP: 12/15
   702 | D        | Reached XP level 6. HP: 28/28 MP: 13/17
   706 | D        | Killed a jelly
   711 | D        | Found a stormy altar of Qazlal.
   712 | D        | Found a sacrificial altar of Ru.
   712 | D        | Found a burning altar of Makhleb.
   712 | D        | Found a viscous altar of Jiyva.
   712 | D        | Found a shimmering altar of Xom.
   712 | D        | Found a shadowy altar of Dithmenos.
   712 | D        | Found a sparkling altar of Nemelex Xobeh.
   712 | D        | Found a corrupted altar of Lugonu.
   712 | D        | Found an opulent altar of Gozag.
   712 | D        | Noticed a spatial vortex
   716 | D        | Became a worshipper of Dithmenos the Shadowed
   766 | D        | Killed a spatial vortex
   766 | D        | Reached skill level 5 in Short Blades
   766 | D        | Reached skill level 11 in Stealth
   766 | D        | Reached skill level 1 in Invocations
  1027 | D        | Found a radiant altar of Vehumet.
  1028 | D        | Found a deep blue altar of Sif Muna.
  1028 | D        | Found an ancient bone altar of Kikubaaqudgha.
  1028 | D        | Noticed a wizard
  1029 | D        | Killed a wizard
  1031 | D        | Reached skill level 10 in Dodging
  1056 | D        | Learned a level 2 spell: Stoneskin
  1060 | D        | Learned a level 3 spell: Stone Arrow
  1064 | D        | Learned a level 3 spell: Passwall
  1169 | D        | Found a glowing silver altar of Zin.
  1170 | D        | Found a glowing golden altar of the Shining One.
  1170 | D        | Found a white marble altar of Elyvilon.
  1170 | D        | Noticed a deep elf priest
  1172 | D        | Killed a deep elf priest
  1172 | D        | Reached skill level 1 in Earth Magic
  1172 | D        | Reached XP level 7. HP: 32/32 MP: 18/20
  1187 | D        | Found an iron altar of Okawaru.
  1188 | D        | Found a bloodstained altar of Trog.
  1188 | D        | Noticed a human
  1188 | D        | Noticed a human
  1190 | D        | Killed a human
  1190 | D        | Reached skill level 12 in Stealth
  1191 | D        | Killed a human
  1207 | D        | Found a snail-covered altar of Cheibriados.
  1207 | D        | Noticed a necrophage
  1208 | D        | Found a basalt altar of Yredelemnul.
  1208 | D        | Found a blossoming altar of Fedhas.
  1208 | D        | Noticed a necromancer
  1209 | D        | Killed a necrophage
  1209 | D        | Reached XP level 8. HP: 36/36 MP: 22/22
  1210 | D        | Killed a necromancer
  1210 | D        | Acquired Dithmenos's first power
  1224 | D        | Learned a level 4 spell: Petrify
  1234 | D        | Noticed a two-headed ogre
  1234 | D        | Noticed a two-headed ogre
  1238 | D        | Killed a two-headed ogre
  1240 | D        | Killed a two-headed ogre
  1244 | D        | Noticed a two-headed ogre
  1245 | D        | Killed a two-headed ogre
  1245 | D        | Reached skill level 10 in Spellcasting
  1254 | D        | Noticed a hill giant
  1257 | D        | Killed a hill giant
  1257 | D        | Acquired Dithmenos's second power
  1257 | D        | Reached skill level 13 in Stealth
  1262 | D        | Noticed a hill giant
  1262 | D        | Noticed Erolcha
  1264 | D        | Killed Erolcha
  1264 | D        | Reached skill level 5 in Transmutations
  1264 | D        | Reached XP level 9. HP: 39/39 MP: 24/24
  1265 | D        | Killed a hill giant
  1277 | D        | Learned a level 5 spell: Lee's Rapid Deconstruction
  1448 | D        | Noticed a redback
  1464 | D        | Noticed a trapdoor spider
  1465 | D        | Killed a trapdoor spider
  1465 | D        | Reached skill level 14 in Stealth
  1480 | D        | Killed a redback
  1480 | D        | Reached skill level 5 in Ice Magic
  1496 | D        | Noticed a trapdoor spider
  1513 | D        | Killed a trapdoor spider
  1513 | D        | Acquired Dithmenos's third power
  1841 | D        | Noticed a killer bee
  1841 | D        | Noticed a killer bee
  1841 | D        | Noticed a killer bee
  1841 | D        | Noticed a killer bee
  1841 | D        | Noticed a killer bee
  1841 | D        | Noticed a killer bee
  1841 | D        | Noticed a killer bee
  1841 | D        | Noticed a killer bee
  1841 | D        | Noticed a killer bee
  1841 | D        | Noticed a killer bee
  1841 | D        | Noticed a killer bee
  1841 | D        | Noticed a killer bee
  1841 | D        | Noticed a killer bee
  1841 | D        | Noticed a queen bee
  1841 | D        | Noticed a killer bee
  1842 | D        | Noticed a killer bee
  1842 | D        | Noticed a killer bee
  1842 | D        | Noticed a killer bee
  1842 | D        | Noticed a killer bee
  1842 | D        | Noticed a killer bee
  1842 | D        | Noticed a killer bee
  1842 | D        | Noticed a killer bee
  1842 | D        | Noticed a killer bee
  1842 | D        | Noticed a killer bee
  1842 | D        | Noticed a killer bee
  1842 | D        | Noticed a killer bee
  1842 | D        | Noticed a killer bee
  1842 | D        | Noticed a killer bee
  1842 | D        | Noticed a killer bee
  1842 | D        | Noticed a killer bee
  1842 | D        | Noticed a killer bee
  1842 | D        | Noticed a killer bee
  1842 | D        | Noticed a killer bee
  1843 | D        | Killed a killer bee
  1844 | D        | Killed a killer bee
  1848 | D        | Killed a killer bee
  1850 | D        | Killed a killer bee
  1858 | D        | Killed a killer bee
  2011 | D        | Killed a killer bee
  2011 | D        | Acquired Dithmenos's fourth power
  2014 | D        | Killed a queen bee
  2016 | D        | Killed a killer bee
  2020 | D        | Killed a killer bee
  2022 | D        | Killed a killer bee
  2024 | D        | Killed a killer bee
  2026 | D        | Killed a killer bee
  2028 | D        | Killed a killer bee
  2034 | D        | Killed a killer bee
  2279 | D        | Killed a killer bee
  2279 | D        | Killed a killer bee
  2280 | D        | Killed a killer bee
  2282 | D        | Killed a killer bee
  2284 | D        | Killed a killer bee
  2287 | D        | Killed a killer bee
  2287 | D        | Reached skill level 15 in Stealth
  2298 | D        | Killed a killer bee
  2300 | D        | Killed a killer bee
  2300 | D        | Reached XP level 10. HP: 41/44 MP: 0/27
  2453 | D        | Killed a killer bee
  2458 | D        | Killed a killer bee
  2459 | D        | Killed a killer bee
  2460 | D        | Killed a killer bee
  2462 | D        | Killed a killer bee
  2464 | D        | Killed a killer bee
  2470 | D        | Killed a killer bee
  2472 | D        | Killed a killer bee
  2474 | D        | Killed a killer bee
  2475 | D        | Killed a killer bee
  2496 | D        | Killed a killer bee
  2521 | D        | Killed an electric eel
  2632 | D        | Learned a level 4 spell: Ice Form
  2710 | D        | Noticed a wandering mushroom
  2711 | D        | Noticed a wandering mushroom
  2711 | D        | Noticed a wandering mushroom
  2712 | D        | Killed a wandering mushroom
  2712 | D        | Reached skill level 5 in Conjurations
  2717 | D        | Killed a wandering mushroom
  2722 | D        | Killed a wandering mushroom
  2722 | D        | Reached skill level 5 in Earth Magic
  2817 | D        | Noticed a spiny frog
  2817 | D        | Noticed a komodo dragon
  2817 | D        | Noticed a spiny frog
  2819 | D        | Killed a spiny frog
  2823 | D        | Killed a spiny frog
  2827 | D        | Killed a komodo dragon
  2916 | D        | Noticed a redback
  2918 | D        | Killed a redback
  2919 | D        | Noticed a brain worm
  2923 | D        | Killed a brain worm
  2929 | D        | Noticed a brain worm
  2931 | D        | Killed a brain worm
  2931 | D        | Reached skill level 16 in Stealth
  2935 | D        | Noticed a lindwurm
  2937 | D        | Noticed a redback
  2938 | D        | Killed a lindwurm
  2938 | D        | Reached skill level 15 in Dodging
  2938 | D        | Reached skill level 10 in Hexes
  2940 | D        | Killed a redback
  2986 | D        | Noticed a redback
  2987 | D        | Killed a redback
  2988 | D        | Noticed Maud
  2990 | D        | Killed Maud
  2990 | D        | Reached XP level 11. HP: 47/47 MP: 29/29
  2995 | D        | Noticed a seven-headed hydra
  2995 | D        | Noticed a four-headed hydra
  2997 | D        | Killed a seven-headed hydra
  2997 | D        | Reached skill level 17 in Stealth
  2998 | D        | Killed a four-headed hydra
  3065 | D        | Noticed a death drake
  3071 | D        | Killed a death drake
  3174 | D        | Killed a yaktaur
  3176 | D        | Learned a level 5 spell: Metabolic Englaciation
  3184 | D        | Found a blossoming altar of Fedhas.
  3184 | D        | Noticed a spriggan
  3184 | D        | Noticed a spriggan druid
  3184 | D        | Noticed a spriggan
  3187 | D        | Killed a spriggan druid
  3188 | D        | Killed a spriggan
  3189 | D        | Killed a spriggan
  3212 | D        | Noticed a fire dragon
  3226 | D        | Killed a fire dragon
  3322 | D        | Noticed a fire dragon
  3324 | D        | Found Neveaja's Antique Weapon Emporium.
  3324 | D        | Noticed a fire dragon
  3324 | D        | Found Tuhij's Magic Scroll Shop.
  3324 | D        | Found Ephaenap's Jewellery Shoppe.
  3541 | D        | Noticed a swamp drake
  3541 | D        | Noticed a fire drake
  3542 | D        | Killed a fire drake
  3544 | D        | Killed a swamp drake
  3578 | D        | Killed from afar by a fire dragon

Vault maps used:
D:        dungeon_sprint_mu

Action                   |  1- 3 |  4- 6 |  7- 9 | 10-12 || total
-------------------------+-------+-------+-------+-------++-------
Melee: Dagger            |    25 |    21 |    46 |    46 ||   138
 Cast: Ensorcelled Hiber |     8 |       |    31 |    13 ||    52
       Corona            |     1 |       |       |       ||     1
       Dazzling Spray    |       |     6 |     8 |    14 ||    28
       Stone Arrow       |       |       |     2 |     1 ||     3
       Confuse           |       |       |     1 |     5 ||     6
Invok: Shadow Step       |       |       |       |     4 ||     4
  Use: Potion            |     1 |     4 |       |     2 ||     7
       Scroll            |       |     3 |       |       ||     3
 Stab: Sleeping          |     5 |     6 |    27 |    21 ||    59
       Invisible         |       |       |     1 |     3 ||     4
       Confused          |       |       |     1 |     2 ||     3
  Eat: Bread ration      |       |       |       |     1 ||     1
